[Event "FINAL CAMPEONATO ABSOLUTO DE AJEDREZ CHILE 2018"]
[Site "CENTRO CULTURAL LO PRADO, Chile"]
[Date "2018.02.27"]
[Round "5.1"]
[White "PEREZ GORMAZ, Matias"]
[Black "LLORENS SEPULVEDA, Marcelo"]
[Result "1-0"]
[TimeControl "90 minutos mas 30 segundos de incremento por movida"]
[WhiteTitle "FM"]
[BlackTitle "FM"]
[WhiteElo "2410"]
[BlackElo "2266"]

1. d4 Nf6 2. Nf3 c5 3. e3 g6 4. Be2 Bg7 5. O-O O-O 6. dxc5 Qc7 7. c4 Na6 8. Nc3 Nxc5 9. Qc2 d6 10.
e4 Be6 11. Nd4 Rfc8 12. Be3 Qd8 13. Rad1 Qf8 14. b4 Ncd7 15. Qb3 Kh8 16. h3 Bh6 17. f4 Nh5 18. Kh2 Qg7 19. g3 a5 20.
a3 axb4 21. axb4 Rg8 22. Rd3 Nxg3 23. Kxg3 g5 24. f5 Bxc4 25. Qxc4 Ne5 26. f6 Qg6 27. Qb3 g4 28. h4 Nxd3 29.
Bxh6 Qxh6 30. Nf5 Qxf6 31. Bxd3 e6 32. Ne3 Qe5+ 33. Kg2 f5 34. Nc4 Qf6 35. exf5 g3 36. fxe6 Qxe6 37. Ne4 Qd5 38.
Qc3 Rg7 39. Ncxd6 Qa2+ 40. Bc2 h5 41. Nf5 1-0

[Event "FINAL CAMPEONATO ABSOLUTO DE AJEDREZ CHILE 2018"]
[Site "CENTRO CULTURAL LO PRADO, Chile"]
[Date "2018.02.27"]
[Round "5.2"]
[White "BARRIA ZUNIGA, Daniel"]
[Black "LOPEZ SILVA, Hugo Andres"]
[Result "1/2-1/2"]
[TimeControl "90 minutos mas 30 segundos de incremento por movida"]
[WhiteTitle "IM"]
[WhiteFideId "3400816"]
[WhiteElo "2395"]
[BlackElo "2389"]

1. d4 Nf6 2. Nf3 g6 3. c4 c5 4.
d5 e6 5.
dxe6 fxe6 6. Nc3 d5 7. cxd5 exd5 8. e4 d4 9. e5 Nd5 10. Ne4 Bf5 11. Bg5 Qa5+ 12. Bd2 Qb6 13. Bd3 Nd7 14.
O-O Be7 15. Re1 O-O 16. Bh6 1/2-1/2

[Event "FINAL CAMPEONATO ABSOLUTO DE AJEDREZ CHILE 2018"]
[Site "CENTRO CULTURAL LO PRADO, Chile"]
[Date "2018.02.27"]
[Round "5.3"]
[White "DIAZ VILLAGRAN, Robert"]
[Black "HENRIQUEZ VILLAGRA, Cristobal"]
[Result "0-1"]
[TimeControl "90 minutos mas 30 segundos de incremento por movida"]
[WhiteTitle "FM"]
[BlackTitle "GM"]
[WhiteElo "2317"]
[BlackElo "2501"]

1. e4 c6 2. d3 d5 3. Nd2 e5 4. Ngf3 Nd7 5. g3 Ngf6 6. Bg2 Bd6 7. O-O O-O 8. Re1 Re8 9. Nh4 Nc5 10.
h3 Bf8 11. Qf3 a5 12. a4 g6 13. Nf1 Bg7 14. Kh2 Be6 15. b3 dxe4 16. dxe4 Ncxe4 17. Rxe4 Nxe4 18. Qxe4 f5 19. Qe3 f4 20.
Qe4 g5 21. Nf5 Bxf5 22. Qxf5 e4 23. Bxe4 Rxe4 24. Qxe4 Bxa1 25. gxf4 Qd5 26. Qxd5+ cxd5 27. Ne3 d4 28. Nc4 Re8 29.
Ne5 gxf4 30. Bxf4 Rxe5 31. Bxe5 d3 32. Bf4 Be5 0-1

[Event "FINAL CAMPEONATO ABSOLUTO DE AJEDREZ CHILE 2018"]
[Site "CENTRO CULTURAL LO PRADO, Chile"]
[Date "2018.02.27"]
[Round "5.4"]
[White "GARCIA CARDENAS, Pablo"]
[Black "SALINAS HERRERA, Pablo Patrici"]
[Result "1/2-1/2"]
[TimeControl "90 minutos mas 30 segundos de incremento por movida"]
[WhiteTitle "IM"]
[BlackTitle "IM"]
[WhiteElo "2454"]
[BlackElo "2453"]

1. d4 d5 2. c4 e6 3. Nc3 Nf6 4. cxd5 exd5 5. Bg5 Be7 6. e3 c6 7. Qc2 Nbd7 8. Bd3 O-O 9. Nge2 Re8 10.
f3 Nf8 11. O-O g6 12. Rad1 b5 13. Qc1 Bb7 1/2-1/2

[Event "FINAL CAMPEONATO ABSOLUTO DE AJEDREZ CHILE 2018"]
[Site "CENTRO CULTURAL LO PRADO, Chile"]
[Date "2018.02.27"]
[Round "5.5"]
[White "ABARCA GONZALEZ, Nicolas"]
[Black "VERGARA JOFRE, Felipe Andres"]
[Result "0-1"]
[TimeControl "90 minutos mas 30 segundos de incremento por movida"]
[BlackTitle "FM"]
[WhiteElo "2388"]
[BlackElo "2270"]

1. e4 c5 2. Nf3 d6 3. d4 cxd4 4.
Nxd4 Nf6 5. Nc3 a6 6. Bg5 Nbd7 7. Bc4 Qb6 8. Qd2 e6 9. O-O-O Be7 10. f3 O-O 11. h4 Nc5 12. g4 Qc7 13.
Bb3 Bd7 14. h5 b5 15. Be3 h6 16. g5 hxg5 17. Bxg5 b4 18. Qg2 Kh7 19. Nce2 Rac8 20. Kb1 e5 21. Rdg1 Nxb3 22. Bh6 Ng4 23.
Nxb3 Qxc2+ 24. Ka1 gxh6 25. fxg4 Be6 26. Rc1 Qd3 27. Rcd1 Qb5 28. Qf3 Rc2 29. Rh2 Rfc8 30. Kb1 R2c7 31. Ng3 a5 32. Nf5 a4 33. Nc1 Qc4 34. Ne3 Qxc1+ 0-1

[Event "FINAL CAMPEONATO ABSOLUTO DE AJEDREZ CHILE 2018"]
[Site "CENTRO CULTURAL LO PRADO, Chile"]
[Date "2018.02.27"]
[Round "5.6"]
[White "FUENTES PARRA, Victor Ignacio"]
[Black "AGUIRRE CONTRERAS, Cristian Ro"]
[Result "0-1"]
[TimeControl "90 minutos mas 30 segundos de incremento por movida"]
[BlackTitle "FM"]
[WhiteElo "2148"]
[BlackElo "2272"]

1. d4 Nf6 2. Nf3 b6 3. Bf4 Bb7 4. e3 g6 5. h3 Bg7 6. Nbd2 O-O 7. Bd3 d6 8. O-O Nbd7 9. Bh2 Qe8 10.
Qe2 e5 11. Ba6 Bxa6 12. Qxa6 e4 13. Ne1 Qe7 14. b4 Rfe8 15. a4 g5 16. a5 g4 17. axb6 Nxb6 18. h4 Nh5 19. Qb5 d5 20.
Qc6 Bf8 21. Qxc7 Qxh4 22. Rxa7 Re7 23. Rxa8 Rxc7 24. Rxf8+ Kxf8 25. Bxc7 Nd7 26. Bd6+ Ke8 27. g3 Qf6 28. Bc5 Qa6 29.
Nb3 Ng7 30. Kg2 h5 31. Rh1 Qe2 32. Nc1 Qd1 33. Nb3 Nf5 34. b5 Nxe3+ 35. fxe3 Qe2+ 36. Kg1 Qxe1+ 37. Kg2 Qe2+ 38. Kg1 Qd1+ 0-1

[Event "FINAL CAMPEONATO ABSOLUTO DE AJEDREZ CHILE 2018"]
[Site "CENTRO CULTURAL LO PRADO, Chile"]
[Date "2018.02.27"]
[Round "6.2"]
[White "VERGARA JOFRE, Felipe Andres"]
[Black "FUENTES PARRA, Victor Ignacio"]
[Result "1-0"]
[TimeControl "90 minutos mas 30 segundos de incremento por movida"]
[WhiteTitle "FM"]
[WhiteElo "2270"]
[BlackElo "2148"]

1. e4 e6 2. d4 d5 3. e5 c5 4. c3 Qb6 5. Nf3 cxd4 6. cxd4 Bd7 7. Nc3 a6 8. Bd3 h5 9. a3 Nh6 10. O-O Be7 11. h4 a5 12.
Na4 Qa7 13. Bg5 Nc6 14. Bxe7 Kxe7 15. Bc2 b5 16. Nc5 Rhc8 17. Nxd7 Kxd7 18. Qd2 Ng8 19. Bd3 Rab8 20. Qf4 Ke8 21.
Rac1 Nce7 22. Qg5 g6 23. Qf4 b4 24. a4 Nf5 25. Bxf5 exf5 26. Ng5 Qd7 27. Rc5 Rxc5 28. dxc5 Rc8 29. Re1 Qe7 30. Rc1 Rxc5 31. Rxc5 Qxc5 32.
e6 f6 33. Qb8+ Ke7 34. Qb7+ Kd6 35.
Qd7+ Ke5 36. Nf3+ Ke4 37. Qg7 Qc1+ 38. Kh2 Qf4 39. Kh1 Qc1 40. Ng1 Qc8 41. Qd7 Qf8 42. Nf3 Qc5 43. Qg7 Qc1 44. Ng1 Qc8 45. Qxg6 Qxe6 46.
Qxh5 Kd3 47. Qd1+ Kc4 48. Qc2+ Kd4 49. Nf3# 1-0

[Event "FINAL CAMPEONATO ABSOLUTO DE AJEDREZ CHILE 2018"]
[Site "CENTRO CULTURAL LO PRADO, Chile"]
[Date "2018.02.27"]
[Round "6.3"]
[White "SALINAS HERRERA, Pablo Patrici"]
[Black "ABARCA GONZALEZ, Nicolas"]
[Result "0-1"]
[TimeControl "90 minutos mas 30 segundos de incremento por movida"]
[WhiteTitle "IM"]
[WhiteElo "2453"]
[BlackElo "2388"]

1. d4 d6 2. e4 g6 3. Nf3 Bg7 4. Be2 Nf6 5. Nc3 O-O 6. O-O a6 7. a4 Nc6 8. d5 Nb4 9. a5 e6 10.
Bf4 exd5 11. exd5 Re8 12. Bc4 Ne4 13. Be3 Bg4 14. Na4 Bxf3 15. gxf3 Qh4 16. fxe4 Rxe4 17. Be2 Be5 18. f4 Rxe3 19.
fxe5 Rg3+ 20. Kh1 Rh3 21. Ra3 Rxh2 22. Kg1 Rh1+ 23. Kg2 Qh2+ 24. Kf3 Rxf1+ 25. Qxf1 Nxc2 26. Rd3 Qxe5 27. Qd1 Nb4 28.
Rd4 c5 29. dxc6 Nxc6 30. Rxd6 Re8 31. Nc3 Qh2 32. Rxc6 bxc6 33. Qd7 Re5 34. Bd3 Kg7 35. Ne4 Rd5 0-1

[Event "FINAL CAMPEONATO ABSOLUTO DE AJEDREZ CHILE 2018"]
[Site "CENTRO CULTURAL LO PRADO, Chile"]
[Date "2018.02.27"]
[Round "6.4"]
[White "HENRIQUEZ VILLAGRA, Cristobal"]
[Black "GARCIA CARDENAS, Pablo"]
[Result "1/2-1/2"]
[TimeControl "90 minutos mas 30 segundos de incremento por movida"]
[WhiteTitle "GM"]
[BlackTitle "IM"]
[WhiteElo "2501"]
[BlackElo "2454"]

1. e4 e5 2. Nf3 Nc6 3. Bb5 a6 4. Ba4 Nf6 5. O-O b5 6. Bb3 Bc5 7. a4 Rb8 8. c3 d6 9. d4 Bb6 10.
a5 Ba7 11. h3 O-O 12. Be3 Ra8 13. Nbd2 Bb7 14. Re1 exd4 15. cxd4 Nb4 16. Qb1 h6 1/2-1/2

[Event "FINAL CAMPEONATO ABSOLUTO DE AJEDREZ CHILE 2018"]
[Site "CENTRO CULTURAL LO PRADO, Chile"]
[Date "2018.02.27"]
[Round "6.5"]
[White "LOPEZ SILVA, Hugo Andres"]
[Black "DIAZ VILLAGRAN, Robert"]
[Result "1-0"]
[TimeControl "90 minutos mas 30 segundos de incremento por movida"]
[BlackTitle "FM"]
[WhiteElo "2389"]
[BlackElo "2317"]

1. e4 e6 2. d4 d5 3. Bd3 dxe4 4. Bxe4 Nf6 5. Bf3 Nc6 6. Ne2 e5 7. Bxc6+ bxc6 8. O-O Bd6 9. Nbc3 Rb8 10.
b3 Ba6 11. Re1 O-O 12. dxe5 Bxe5 13. Bf4 Bd6 14. Bxd6 cxd6 15. Nd4 Qd7 16. Qf3 Bb7 17. Qf4 Bc8 18. Rad1 Re8 19. Rxe8+ Nxe8 20.
h3 c5 21. Nf3 Bb7 22. Nd2 Rd8 23. Nde4 Qe7 24. Nd5 Qf8 25. c4 h6 26. g4 Bxd5 27. Rxd5 Nc7 28. Rxd6 Ne6 29. Qe5 Rxd6 30. Qxd6 Qc8 31. Qe7 Qc6 32. f3 Nf4 33. Qxc5 Qa6 34.
Qb5 Ne2+ 35. Kf2 Qxa2 36. Qe8+ Kh7 37. Nf6 gxf6 38. Qxf7 Kh8 39. Qxf6 Kg8 40. Qg6+ Kf8 41. Qxh6+ Kf7 42. Qh5+ Kf6 43. Qf5+ Kg7 44. Qe5+ Kf7 45. Qxe2 Qxb3 46. Qe3 Qa2+ 47. Kg3 a5 48.
Qf4+ Kg7 49. Qe5+ Kf7 50. g5 Qxc4 51. Qxa5 Qf1 52. Qf5+ Kg7 53. Qf6+ Kg8 54. Qe6+ Kg7 55. Qe3 Kg6 56.
h4 Kh5 57. Qe8 1-0

[Event "FINAL CAMPEONATO ABSOLUTO DE AJEDREZ CHILE 2018"]
[Site "CENTRO CULTURAL LO PRADO, Chile"]
[Date "2018.02.27"]
[Round "6.6"]
[White "PEREZ GORMAZ, Matias"]
[Black "BARRIA ZUNIGA, Daniel"]
[Result "1/2-1/2"]
[TimeControl "90 minutos mas 30 segundos de incremento por movida"]
[WhiteTitle "FM"]
[BlackTitle "IM"]
[BlackFideId "3400816"]
[WhiteElo "2410"]
[BlackElo "2395"]

1. Nf3 d5 2. d4 e6 3. Bf4 Nf6 4. e3 Be7 5. Nbd2 O-O 6. Bd3 b6 7. Ne5 Ba6 8. Bxa6 Nxa6 9. O-O Nb8 10.
c4 c5 11. dxc5 bxc5 12. Qc2 Qb6 13. cxd5 exd5 14. e4 Nc6 15. Nxc6 Qxc6 16. exd5 Nxd5 1/2-1/2

[Event "FINAL CAMPEONATO ABSOLUTO DE AJEDREZ CHILE 2018"]
[Site "CENTRO CULTURAL LO PRADO, Chile"]
[Date "2018.02.28"]
[Round "7.2"]
[White "DIAZ VILLAGRAN, Robert"]
[Black "PEREZ GORMAZ, Matias"]
[Result "0-1"]
[TimeControl "90 minutos mas 30 segundos de incremento por movida"]
[WhiteTitle "FM"]
[BlackTitle "FM"]
[WhiteElo "2317"]
[BlackElo "2410"]

1. e4 e5 2. Nf3 Nc6 3. Bb5 a6 4. Ba4 Nf6 5. Qe2 Be7 6. c3 b5 7. Bb3 O-O 8. O-O d5 9. d3 Be6 10.
Rd1 Re8 11. Nbd2 h6 12. Nf1 Bf8 13. h3 g6 14. Ng3 Bg7 15. Bc2 d4 16. Bd2 Nd7 17. cxd4 exd4 18. Nh2 Ne7 19. Ba5 Qb8 20.
Bb3 Bxb3 21. axb3 b4 22. Rdc1 c5 23. Nf3 Nc6 24. Ra4 Re6 25. Nf1 Bf8 26. N1d2 Qb7 27. Qf1 Rae8 28. Nc4 Qb8 29.
g3 Rf6 30. Qg2 h5 31. Raa1 Bd6 32. Rd1 Qb5 33. Nxd6 Rxd6 34. Bc7 Rf6 35. Bf4 a5 36. Bg5 Rxf3 37. Qxf3 c4 38. Bf4 c3 39.
Qe2 Nc5 40. Qc2 Re6 41. g4 Nd7 42. Bg3 hxg4 43. hxg4 Qg5 44. Kg2 Qxg4 45. f3 Qg5 46. f4 Qb5 47. Rh1 Nc5 48. Rad1 cxb2 49.
Kf3 Kf8 50. Rh8+ Ke7 51. Rh2 a4 52. Kg4 a3 53. f5 gxf5+ 54. exf5 Re3 55. Re2 Na5 56. Rxe3+ dxe3 57. d4 Nd7 58. d5 e2 59. Rd2 Ne5+ 60. Kf4 a2 61. Rxe2 f6 62.
Rh2 Qf1+ 63. Bf2 Qc1+ 0-1

[Event "FINAL CAMPEONATO ABSOLUTO DE AJEDREZ CHILE 2018"]
[Site "CENTRO CULTURAL LO PRADO, Chile"]
[Date "2018.02.28"]
[Round "7.3"]
[White "GARCIA CARDENAS, Pablo"]
[Black "LOPEZ SILVA, Hugo Andres"]
[Result "0-1"]
[TimeControl "90 minutos mas 30 segundos de incremento por movida"]
[WhiteTitle "IM"]
[WhiteElo "2454"]
[BlackElo "2389"]

1. d4 Nf6 2. c4 e6 3. Nc3 Bb4 4. Qc2 b6 5. e4 c5 6. d5 Qe7 7. Be2 exd5 8. exd5 Qe4 9. Qd2 Bxc3 10.
Qxc3 O-O 11. h3 d6 12. Nf3 Re8 13. O-O Bxh3 14. Re1 Bf5 15. Bf1 Qg4 16. Qxf6 gxf6 17. Rxe8+ Kg7 18. Nh2 Qd4 19. Nf3 Qg4 20. Nh2 Qd4 21.
Be3 Qxb2 22. Re1 Bd7 23.
Rd8 Qb4 24. Nf3 b5 25. Bd2 Qa4 26. Re4 h5 27. Re7 b4 28. Bf4 Nc6 29. Rxa8 Nxe7 30. Bxd6 Nc8 31. Bxc5 Qa6 32. Rb8 Qxa2 33. Rxb4 Qa5 34. Rb7 Qxc5 35.
Rxd7 Nb6 36. Rxa7 Nxc4 37. Ra4 Nb6 38.
Rf4 Qxd5 39. Nh4 Qg5 40. g3 Nd7 41. Nf5+ Kf8 42. Bh3 Ne5 43. Ne3 h4 44. Rf5 Qh6 45. g4 Qg6 46. Kh2 Qh6 47. Kg1 Qg6 48. Kh2 Nd7 49.
Kg1 Qh6 50. Kh2 Ke8 51. Kg1 Qf8 52. Nd5 Qa3 53. Kg2 Qb2 54. Kg1 Qd4 55. Kg2 Kf8 56. Kh2 Qe4 57. Kg1 Qe1+ 58. Kg2 Qe4+ 59.
Kg1 Qe1+ 60. Kg2 Qe6 61. Kg1 Qc6 62. Kh2 Ne5 63. Bg2 Nxg4 64. Kh3 Nh6 65. Rf4 Qe6 66. Kxh4 Nf5 67. Rxf5 Qxf5 68. Kg3 Qe5+ 69. Kh3 Qe2 70. Kg3 Kg7 71. Ne3 Qh5 72. Be4 Qg5+ 73.
Kf3 Kf8 74. Nf5 Ke8 75. Ng3 Kd7 76. Bf5+ Kc6 77. Bd3 Kd5 78. Kg2 Ke5 79. Kf3 Qh6 80. Kg2 Qf4 81. Be2 Qg5 82. Bd3 Kd4 83.
Be4 Qxg3+ 84. Kxg3 Kxe4 85. Kg4 f5 86. Kg5 Ke5 87. f3 f4 88. Kg4 f6 0-1

[Event "FINAL CAMPEONATO ABSOLUTO DE AJEDREZ CHILE 2018"]
[Site "CENTRO CULTURAL LO PRADO, Chile"]
[Date "2018.02.28"]
[Round "7.4"]
[White "ABARCA GONZALEZ, Nicolas"]
[Black "HENRIQUEZ VILLAGRA, Cristobal"]
[Result "0-1"]
[TimeControl "90 minutos mas 30 segundos de incremento por movida"]
[BlackTitle "GM"]
[WhiteElo "2388"]
[BlackElo "2501"]

1. e4 c6 2. d4 d5 3. e5 Bf5 4. Nf3 e6 5. Bd3 Bxd3 6. Qxd3 Qa5+ 7. Nbd2 Qa6 8. Ke2 Ne7 9. a4 Ng6 10.
g3 f6 11. b3 Be7 12. h4 Qxd3+ 13. Kxd3 h5 14. Re1 Kf7 15. Ng1 c5 16. Ba3 Nc6 17. exf6 Bxf6 18. Bxc5 b6 19. Ba3 Nxd4 20.
Bb2 Nxb3 21. cxb3 Bxb2 22. Rab1 Bf6 23. f4 Rac8 24. Rbc1 e5 25. fxe5 Nxe5+ 26. Ke2 Ng4 27. Kd3 Rhe8 28.
Rxc8 Nf2+ 29. Kc2 Rxc8+ 30. Kb1 Rc3 31. Ngf3 Ne4 32. Rg1 Nc5 33. Ng5+ Bxg5 34. hxg5 Ne4 35. Nxe4 dxe4 36. Kb2 Rd3 37.
Rc1 Rd2+ 38. Kc3 Rd7 39. Re1 Rd3+ 40. Kc4 Rxg3 41. Kd4 Rxb3 42. Kxe4 Kg6 43. Kd5 Rb4 44. Re6+ Kxg5 45. Re7 Rxa4 46.
Rxg7 Kf4 47. Rh7 Kg4 48. Rg7+ Kf3 49. Rf7+ Kg3 50. Rg7+ Kh2 51. Rc7 h4 52. Ke5 h3 53. Kf5 Kg1 54.
Rc1+ Kf2 55. Rc2+ Ke1 56. Kg5 Rb4 57. Ra2 a5 58. Ra3 h2 59. Ra1+ Kd2 60. Ra2+ Kc3 61. Rxh2 a4 62. Rh3+ Kc4 63.
Kf4 Kd5+ 64. Kf5 Rb3 65. Rh1 Rf3 66. Kg4 Rf8 67. Kg5 b5 68. Kg6 Kc5 69. Kg7 Rf2 70. Rh3 b4 71. Rh5+ Kc4 72.
Rh4+ Kc3 73. Rh3+ Kb2 74. Rh4 Ka3 0-1

[Event "FINAL CAMPEONATO ABSOLUTO DE AJEDREZ CHILE 2018"]
[Site "CENTRO CULTURAL LO PRADO, Chile"]
[Date "2018.02.28"]
[Round "7.5"]
[White "FUENTES PARRA, Victor Ignacio"]
[Black "SALINAS HERRERA, Pablo Patrici"]
[Result "0-1"]
[TimeControl "90 minutos mas 30 segundos de incremento por movida"]
[BlackTitle "IM"]
[WhiteElo "2148"]
[BlackElo "2453"]

1. d4 Nf6 2. Nf3 d6 3. Nc3 g6 4.
Bf4 Bg7 5. Qd2 O-O 6. h4 c5 7. Bh6 cxd4 8. Nxd4 Bxh6 9. Qxh6 Qa5 10. f3 Nc6 11. O-O-O Nxd4 12. Rxd4 Be6 13. h5 Rac8 14.
hxg6 fxg6 15. Qe3 Qe5 16. Qxe5 dxe5 17. Ra4 a6 18. Ra5 Nd7 19. g3 Rfd8 20. Bh3 Bxh3 21. Rxh3 Nc5 22. Na4 Nd7 23.
Rd5 e4 24. Rh1 exf3 25. exf3 Nf6 26. Re5 Rc7 27. Nc3 Rcd7 28. Rhe1 Kf7 29. g4 h5 30. gxh5 gxh5 31. Ne4 Nxe4 32.
R5xe4 Rh8 33. Rf4+ Ke8 34. Rf5 h4 35. Rg5 Rh7 36. Rg4 Rd6 37. Rh1 h3 38. Rh2 Rh5 39. Rg3 Rdh6 40. Kd2 Kf7 41.
Ke3 Kf6 42. Rg4 Rg5 43. Kf4 Rb5 44. b3 Ke6 45. Kg3 Rbh5 46. a3 Kd6 47. Rd4+ Kc6 48. Rc4+ Kb6 49. Rb4+ Ka7 50. Rg4 e5 51.
f4 exf4+ 52. Kxf4 Rf6+ 53. Ke3 Kb6 54. Rg3 Rfh6 55. c4 Kc6 56. b4 Kd6 57. Kd3 Ke5 58. Rg7 Rh7 59. Rxh7 Rxh7 60.
Ke3 Rh4 61. c5 Kd5 62. Kd3 Rh7 63. Kc3 Kc6 64. Kb3 Kb5 65. a4+ Kc6 66. Kc3 Rh4 67. Kb3 a5 68. bxa5 Kxc5 69. Kc3 Rxa4 70.
Kd3 Rxa5 71. Rc2+ Kd5 72. Ke3 Ra3+ 73. Kf2 b5 74. Kg1 b4 75. Kh2 Rc3 76. Rd2+ Kc4 77. Rd8 b3 78. Rb8 Kd3 79.
Kxh3 Kc2 80. Kg2 b2 0-1

[Event "FINAL CAMPEONATO ABSOLUTO DE AJEDREZ CHILE 2018"]
[Site "CENTRO CULTURAL LO PRADO, Chile"]
[Date "2018.02.28"]
[Round "7.6"]
[White "AGUIRRE CONTRERAS, Cristian Ro"]
[Black "VERGARA JOFRE, Felipe Andres"]
[Result "0-1"]
[TimeControl "90 minutos mas 30 segundos de incremento por movida"]
[WhiteTitle "FM"]
[BlackTitle "FM"]
[WhiteElo "2272"]
[BlackElo "2270"]

1. Nf3 d5 2. b3 Bg4 3. Bb2 Nd7 4. g3 Ngf6 5. Bg2 e6 6. d3 Bd6 7. Nbd2 e5 8. e4 d4 9. O-O c5 10.
h3 Bh5 11. a4 O-O 12. Qe1 b6 13. Nh4 Ne8 14. f4 f6 15. g4 Bf7 16. f5 g5 17. fxg6 hxg6 18. Qg3 Ng7 19. Nc4 Bc7 20.
Bc1 Ne6 21. Bh6 Nf4 22. Rf2 Kh7 23. Bxf8 Nxf8 24. Nd2 N8e6 25. Nhf3 Qe7 26. h4 Rh8 27. Nc4 Nf8 28. Ncd2 N8e6 29. Raf1 Kg7 30. Nc4 a6 31.
g5 b5 32. axb5 axb5 33. gxf6+ Qxf6 34.
Ncxe5 Bxe5 35. Nxe5 Qxe5 36. Rxf4 Nxf4 37. Rxf4 Qe7 38. Rg4 Rh5 39. Bf3 Re5 40. Kg2 Kh7 41. Rg5 Re6 42. e5 Ra6 43.
h5 gxh5 44. Be4 Kh8 45. Qh4 Qf8 46. Qf4 Qe7 47. Qf5 Rh6 48. e6 Qxe6 49. Qxc5 Bg6 50. Qxd4 Kh7 51. Qa7 Kh8 52. Qb8 Kh7 53.
Kh2 h4 54. Qf8 b4 55. Qxb4 Qf6 56. Qb8 Qxg5 57. Qc7 Kg8 58. Qc8+ Kg7 59. Qd7+ Bf7 0-1

[Event "FINAL CAMPEONATO ABSOLUTO DE AJEDREZ CHILE 2018"]
[Site "CENTRO CULTURAL LO PRADO, Chile"]
[Date "2018.03.01"]
[Round "8.1"]
[White "LLORENS SEPULVEDA, Marcelo"]
[Black "VERGARA JOFRE, Felipe Andres"]
[Result "1-0"]
[TimeControl "90 minutos mas 30 segundos de incremento por movida"]
[WhiteTitle "FM"]
[BlackTitle "FM"]
[WhiteElo "2266"]
[BlackElo "2270"]

1. e4 c5 2. Nf3 d6 3. Bc4 Nf6 4. d3 Nc6 5. c3 e6 6. Bb3 Be7 7. O-O O-O 8. Re1 b5 9. Nbd2 d5 10.
e5 Nd7 11. d4 b4 12. Nf1 Ba6 13. Ng3 Rc8 14. a3 bxc3 15. bxc3 cxd4 16. cxd4 Na5 17. Bc2 Qc7 18. Bb1 Qc3 19.
Bd2 Qxa1 20. Bxh7+ Kxh7 21. Qxa1 Nc4 22.
Bb4 Rfe8 23. Bxe7 Rxe7 24. Ng5 Kg8 25. Qd1 Nb2 26. Qh5 Nf8 27. h4 Rc2 28. Qg4 Nd3 29. Re2 Rc1+ 30. Kh2 Ng6 31.
h5 Ngf4 32. Rd2 Kf8 33. h6 gxh6 34. Nh7+ Ke8 35. Rxd3 Nxd3 36.
Qg8+ Kd7 37. Nf6+ Kc7 38. Qf8 Rd7 39. Nxd7 Kxd7 40. Qd6+ 1-0

[Event "FINAL CAMPEONATO ABSOLUTO DE AJEDREZ CHILE 2018"]
[Site "CENTRO CULTURAL LO PRADO, Chile"]
[Date "2018.03.01"]
[Round "8.2"]
[White "SALINAS HERRERA, Pablo Patrici"]
[Black "AGUIRRE CONTRERAS, Cristian Ro"]
[Result "1-0"]
[TimeControl "90 minutos mas 30 segundos de incremento por movida"]
[WhiteTitle "IM"]
[BlackTitle "FM"]
[WhiteElo "2453"]
[BlackElo "2272"]

1. d4 Nf6 2. c4 e6 3. Nc3 d5 4. cxd5 exd5 5. Bg5 c6 6. e3 h6 7. Bh4 Bd6 8. Bd3 O-O 9. Nf3 Re8 10.
Qc2 Bg4 11. Nd2 Nbd7 12. h3 Be6 13. O-O-O b5 14. Kb1 Nb6 15. f3 b4 16. Na4 Bd7 17. e4 Nxa4 18. Qxa4 Be7 19. Bxf6 Bxf6 20.
Qxb4 Rb8 21. Qc5 Be7 22. Qc2 Rb4 23. Nb3 Qb6 24. Nc5 Rb8 25. b3 Bc8 26. exd5 cxd5 27. Rhe1 Bf8 28. a3 Rxb3+ 29. Nxb3 Qxb3+ 30. Qxb3 Rxb3+ 31. Kc2 Rxa3 32. Ra1 Be6 33. Rxa3 Bxa3 34. Ra1 Bd6 35. Rxa7 g5 36. g4 Kg7 37.
Bb5 h5 38. Bd7 hxg4 39. hxg4 Kf6 40. Kb3 Bf8 41. Ka4 Bxd7+ 42. Rxd7 Ke6 43. Ra7 Bg7 44. Ra6+ Ke7 45. Kb5 Bxd4 46.
Kc6 Ke6 47. Ra5 Be5 48. Rxd5 f6 49. Rd8 Ke7 50. Ra8 Ke6 51. Re8 Kf7 52. Kd7 Bd4 53. Re7 Kg6 54. Ke6 Bc3 55. Re8 Kg7 56.
Kf5 Kf7 57. Rb8 Be5 58. Rb7+ Kf8 59. Kg6 1-0

[Event "FINAL CAMPEONATO ABSOLUTO DE AJEDREZ CHILE 2018"]
[Site "CENTRO CULTURAL LO PRADO, Chile"]
[Date "2018.03.01"]
[Round "8.3"]
[White "HENRIQUEZ VILLAGRA, Cristobal"]
[Black "FUENTES PARRA, Victor Ignacio"]
[Result "1-0"]
[TimeControl "90 minutos mas 30 segundos de incremento por movida"]
[WhiteTitle "GM"]
[WhiteElo "2501"]
[BlackElo "2148"]

1. Nf3 d5 2. g3 Nf6 3. Bg2 Bg4 4. c4 e6 5. Qb3 Qc8 6. Ne5 c6 7. Nxg4 Nxg4 8. d4 Bd6 9. Nc3 Nf6 10.
Bg5 dxc4 11. Qxc4 Nbd7 12. e4 e5 13. O-O-O b5 14. Qe2 O-O 15. f4 exd4 16. Rxd4 Bc5 17. Rd3 Qa6 18. Qc2 h6 19.
Bh4 g5 20. fxg5 hxg5 21. Bxg5 Nh7 22. Rxd7 Nxg5 23. Qd2 Ne6 24. Bh3 1-0

[Event "FINAL CAMPEONATO ABSOLUTO DE AJEDREZ CHILE 2018"]
[Site "CENTRO CULTURAL LO PRADO, Chile"]
[Date "2018.03.01"]
[Round "8.4"]
[White "LOPEZ SILVA, Hugo Andres"]
[Black "ABARCA GONZALEZ, Nicolas"]
[Result "1-0"]
[TimeControl "90 minutos mas 30 segundos de incremento por movida"]
[WhiteElo "2389"]
[BlackElo "2388"]

1. e4 c5 2. Nf3 Nc6 3. d4 cxd4 4. Nxd4 g6 5. c4 Bg7 6. Be3 Nf6 7. Nc3 Ng4 8. Qxg4 Nxd4 9. Qd1 Ne6 10.
Qd2 Qa5 11. Rc1 b6 12. Bd3 Bb7 13. O-O g5 14. Rfd1 Qe5 15. b4 d6 16. Nd5 Kf8 17. c5 dxc5 18. bxc5 bxc5 19. Bxc5 Bxd5 20.
exd5 Qxd5 21. Qb4 Nxc5 22. Rxc5 a5 23. Qb6 Qd8 24. Rc7 Rb8 25. Bc2 Qe8 26. Qxa5 Bf6 27. Rc5 Ra8 28. Qc7 Rxa2 29. h4 e6 30. hxg5 Be7 31. Rc4 Bxg5 32. Rg4 Bf6 33. Qc5+ Be7 34. Qh5 h6 35. Bb3 Ra3 36. Bc2 Ra2 37.
Qe5 f6 38. Qc3 Rg8 39. Rxg8+ Kxg8 40. Bb3 Ra6 41. Qg3+ Kf8 42. Qh3 Qg6 43. Bxe6 Rd6 44. Ra1 Kg7 45. Bb3 f5 46. Qe3 Qg5 47. f4 Qf6 48. Ra7 Kf8 49. Qg3 Rd1+ 50. Kh2 Rd6 51. Kg1 1-0

[Event "FINAL CAMPEONATO ABSOLUTO DE AJEDREZ CHILE 2018"]
[Site "CENTRO CULTURAL LO PRADO, Chile"]
[Date "2018.03.01"]
[Round "8.5"]
[White "PEREZ GORMAZ, Matias"]
[Black "GARCIA CARDENAS, Pablo"]
[Result "1/2-1/2"]
[TimeControl "90 minutos mas 30 segundos de incremento por movida"]
[WhiteTitle "FM"]
[BlackTitle "IM"]
[WhiteElo "2410"]
[BlackElo "2454"]

1. Nf3 d5 2. d4 Nf6 3. Bf4 c5 4. e3 Nc6 5. Nbd2 e6 6. c3 cxd4 7. exd4 Nh5 8. Be3 Bd6 9. Ne5 Nf6 10. Nef3 Nh5 11. Ne5 g6 12. Be2 Ng7 13. Bf1 1/2-1/2

[Event "FINAL CAMPEONATO ABSOLUTO DE AJEDREZ CHILE 2018"]
[Site "CENTRO CULTURAL LO PRADO, Chile"]
[Date "2018.03.01"]
[Round "9.1"]
[White "DIAZ VILLAGRAN, Robert"]
[Black "LLORENS SEPULVEDA, Marcelo"]
[Result "1/2-1/2"]
[TimeControl "90 minutos mas 30 segundos de incremento por movida"]
[WhiteTitle "FM"]
[BlackTitle "FM"]
[WhiteElo "2317"]
[BlackElo "2266"]

1. e4 c5 2. Nf3 d6 3. c3 Nf6 4. Bd3 g6 5. Bc2 Bg7 6. h3 O-O 7. O-O Nc6 8. d4 Qc7 9. Re1 Rb8 10.
Bf4 e5 1/2-1/2

[Event "FINAL CAMPEONATO ABSOLUTO DE AJEDREZ CHILE 2018"]
[Site "CENTRO CULTURAL LO PRADO, Chile"]
[Date "2018.03.01"]
[Round "9.3"]
[White "ABARCA GONZALEZ, Nicolas"]
[Black "PEREZ GORMAZ, Matias"]
[Result "1-0"]
[TimeControl "90 minutos mas 30 segundos de incremento por movida"]
[BlackTitle "FM"]
[WhiteElo "2388"]
[BlackElo "2410"]

1. e4 e5 2. Nf3 Nc6 3. d4 exd4 4.
Nxd4 Bb4+ 5. c3 Bc5 6. Nxc6 bxc6 7. Bc4 Qh4 8. Qf3 Nf6 9. Bf4 O-O 10. O-O d5 11. exd5 cxd5 12. Bd3 Ne4 13.
Bxe4 dxe4 14. Qg3 Qh5 15. Nd2 Re8 16. Rfe1 Bb7 17. b4 Bf8 18. Bxc7 Re6 19. Nf1 g5 20. Rad1 f5 21. f4 Rg6 22.
Ne3 gxf4 23. Qxf4 Bh6 24. Qf1 Qf3 25. Nxf5 Qxf1+ 26. Rxf1 Bf8 27. Rd7 Re8 28. Ne3 Bc6 29. Rdd1 Bh6 30.
Bf4 Bg7 31. c4 Ba4 32. Rd6 Rxd6 33. Bxd6 Bd4 34. Bc5 Bb2 35. Bxa7 Ra8 36. Bc5 Bd7 37. Nd1 Bg7 38. Rf2 Be6 39. Ne3 Bh6 40. Rc2 Rc8 41.
Kf2 Bf4 42. a4 Rc7 43. g3 Be5 44. a5 Bc8 45. Rd2 Bc3 46. Rd8+ Kg7 47. Bd4+ 1-0